 Dungeon Crawl Stone Soup version 0.23.2-11-gf996548c65 (webtiles) character file.

Game seed: 2721919056352093751

4812 sorrow the Tainter (level 10, -1/108 HPs)
             Began as an Octopode Transmuter on June 4, 2019.
             Was an Elder of Okawaru.
             Slain by a killer bee (4 damage)
             ... on level 9 of the Dungeon.
             The game lasted 00:24:55 (9849 turns).

sorrow the Tainter (Octopode Transmuter)            Turns: 9849, Time: 00:24:55

Health: -1/108     AC:  6    Str: 19    XL:     10   Next: 48%
Magic:  15/16      EV: 12    Int: 15    God:    Okawaru [****..]
Gold:   248        SH:  0    Dex: 16    Spells: 7/17 levels left

rFire    . . .     SeeInvis +     - Unarmed
rCold    + + +     Gourm    .   (shield currently unavailable)
rNeg     . . .     Faith    .   (helmet currently unavailable)
rPois    +         Spirit   .   (no amulet)
rElec    .         Reflect  .   g - ring of protection from fire
rCorr    .         Harm     .   j - +2 ring of strength
MR       .....                  o - +2 ring of strength
Stlth    ..........             v - +2 ring of slaying
HPRegen  0.28/turn              H - ring of wizardry
MPRegen  0.15/turn              w - ring of see invisible
                                (no ring)
                                (no ring)

@: berserking, ice-form, very quick
A: large, almost no armour, stealthy swim, amphibious, 8 rings, (constrict 8)
a: End Transformation, Heroism, Renounce Religion


You were on level 9 of the Dungeon.
You worshipped Okawaru.
Okawaru was greatly pleased with you.
You were very hungry.
You were a creature of crystalline ice.
You visited 2 branches of the dungeon, and saw 10 of its levels.
You also visited: Sewer.

You collected 479 gold pieces.
You spent 231 gold pieces at shops.

Inventory:

Hand Weapons
 t - a +1 trident of protection
Missiles
 a - 114 arrows
 C - 6 javelins (quivered)
 F - 6 tomahawks of dispersal
Jewellery
 g - a ring of protection from fire (left front paw)
 j - a +2 ring of strength (right front paw)
 o - a +2 ring of strength (on tentacle)
 v - a +2 ring of slaying (on tentacle)
 w - a ring of see invisible (on tentacle)
 H - a ring of wizardry (on tentacle)
Wands
 B - a wand of random effects (17)
 D - a wand of flame (18)
 E - a wand of polymorph (9)
 J - a wand of digging (8)
Scrolls
 b - a scroll of remove curse
 e - a scroll of enchant weapon {unknown}
 i - 3 scrolls of random uselessness {unknown}
 k - a scroll of teleportation
 l - 2 scrolls of magic mapping
 n - a scroll of fear {unknown}
 p - 2 scrolls of amnesia {unknown}
 q - a scroll of enchant armour {unknown}
 r - a scroll of noise {unknown}
 x - a scroll of fog {unknown}
 y - 2 scrolls of blinking
 A - a scroll of immolation {unknown}
Potions
 f - 7 potions of flight
 h - 2 potions of berserk rage
 m - 2 potions of lignification
 s - 2 potions of brilliance
 u - 2 potions of curing
 z - a potion of magic {unknown}
 I - 2 potions of ambrosia {unknown}
Comestibles
 c - 25 rations


   Skills:
 - Level 2.2 Fighting
 - Level 3.6 Dodging
 - Level 1.0 Stealth
 - Level 7.2 Unarmed Combat
 - Level 4.0 Spellcasting
 - Level 5.0 Transmutations
 + Level 5.2 Ice Magic
 - Level 10.2 Poison Magic
 - Level 5.5 Invocations


You had 7 spell levels left.
You knew the following spells:

 Your Spells              Type           Power        Failure   Level  Hunger
a - Beastly Appendage     Tmut           ###...       1%          1    None
b - Sticks to Snakes      Tmut           ###.....     1%          2    ##.....
c - Spider Form           Tmut/Pois      ####......   1%          3    ###....
d - Ice Form              Ice/Tmut       ###.....     9%          4    ####...

Your spell library contained the following spells:

 Spells                   Type           Power        Failure   Level  Hunger
 Corona                   Hex            #......      8%          1    None
 Slow                     Hex            #.......     11%         2    ##.....
 Inner Flame              Hex/Fire       #.......     21%         3    ###....
 Portal Projectile        Hex/Tloc       #.....       21%         3    ###....
 Blade Hands              Tmut           ###.......   24%         5    ######.
 Cause Fear               Hex            #.........   54%         4    ####...
 Leda's Liquefaction      Hex/Erth       #.........   54%         4    ####...


Dungeon Overview and Level Annotations

Branches:
Dungeon (9/15)             Temple (1/1) D:4
   Lair: D:8-11         Orc: D:9-12

Altars:
Ashenzari
Cheibriados
Dithmenos
Fedhas
Gozag
Kikubaaqudgha
Nemelex Xobeh
Okawaru
Qazlal
Ru
Uskayaw
Wu Jian
Xom
Yredelemnul
Zin
The Shining One

Shops:
D:4 =![   D:7 *

Annotations:
D:5 2 runed translucent doors, Aske's ghost, novice GrGl
D:6 exclusion: downstairs
D:8 3 runed translucent doors, Borgoz's ghost, novice MiMo


Innate Abilities, Weirdness & Mutations

You cannot wear most types of armour.
You are very stealthy in the water. (Stealth+)
You are amphibious.
You can wear up to eight rings at the same time.
((You can use your tentacles to constrict eight enemies at once.))
((Your skin changes colour to match your surroundings (Stealth+).))
((Your rubbery body absorbs attacks. (AC +1, EV +1)))


Message History

* * * LOW HITPOINT WARNING * * *
The killer bee closely misses you.
You feel better. The killer bee closely misses you. The killer bee stings you!
* * * LOW HITPOINT WARNING * * *
The killer bee stings you but does no damage.
The killer bee barely misses you.
A red film seems to cover your vision as you go berserk!
You feel yourself moving faster!
You feel mighty! The killer bee misses you. The killer bee stings you.
* * * LOW HITPOINT WARNING * * *
The killer bee closely misses you. x2
You punch the killer bee! You freeze the killer bee.
The killer bee is severely wounded.
The killer bee barely misses you. The killer bee stings you.
* * * LOW HITPOINT WARNING * * *
You pummel the killer bee!! You freeze the killer bee.
You kill the killer bee!
Okawaru accepts your kill. The killer bee stings you.
You die...

#.# #.. #.# #$.
... #... #.#
#.... #.# #
#....####.###..#
..............#
#..##..†y.##...#
.......Y#..# .#
####..#....# #[
#$#.## # #.#...
..#.##. ##### #


You could see a killer bee.

Vanquished Creatures
  Pikel (D:6)
  Prince Ribbit (D:6)
  A hippogriff (D:8)
  A human (D:7)
  A hungry ghost (D:7)
  4 hogs (D:7)
  Duvessa (D:6)
  A black bear (D:8)
  A sky beast (D:8)
  2 ice beasts
  An ogre (D:6)
  2 orc warriors (D:8)
  A phantom (D:8)
  A centaur (D:8)
  A crocodile (Sewer)
  5 bullfrogs
  Dowan (D:6)
  A scorpion (D:8)
  2 water moccasin skeletons
  7 killer bees
  5 wights (D:8)
  A howler monkey (D:7)
  3 centaur zombies (D:7)
  A crimson imp (D:7)
  A quasit (D:8)
  A bullfrog zombie (D:6)
  4 hounds
  2 bullfrog skeletons
  A gnoll shaman (D:7)
  An orc priest (D:3)
  A centaur skeleton (D:8)
  2 iguanas
  3 orc wizards
  4 worker ants
  A hound skeleton (D:7)
  A hound zombie (D:5)
  14 gnolls
  6 adders
  A shadow imp (D:8)
  An ooze (D:1)
  3 adder skeletons
  2 worms
  5 dart slugs
  A leopard gecko (D:5)
  23 orcs
  19 bats
  6 giant cockroaches
  9 goblins
  10 hobgoblins
  6 jackals (D:2)
  6 kobolds
  3 quokkas
  A ball python (D:3)
  7 frilled lizards
  A jackal skeleton (D:4)
  9 rats
201 creatures vanquished.

Vanquished Creatures (collateral kills)
  A scorpion (D:4)
  A worker ant (D:4)
2 creatures vanquished.

Vanquished Creatures (others)
  A jelly (D:6)
  4 plants (D:8)
5 creatures vanquished.

Grand Total: 208 creatures vanquished

Notes
Turn   | Place    | Note
-------+----------+-------------------------------------------
     0 | D:1      | sorrow the Octopode Transmuter began the quest for the Orb.
     0 | D:1      | Reached XP level 1. HP: 13/13 MP: 3/3
   272 | D:1      | Reached XP level 2. HP: 16/18 MP: 5/5
   536 | D:1      | Learned a level 2 spell: Sticks to Snakes
   730 | D:1      | Reached XP level 3. HP: 22/23 MP: 6/6
   735 | D:1      | Reached skill level 1 in Stealth
   826 | D:1      | Learned a level 3 spell: Spider Form
  1211 | D:2      | Reached skill level 1 in Poison Magic
  1436 | D:2      | Reached XP level 4. HP: 25/28 MP: 5/7
  2546 | D:3      | Reached skill level 2 in Poison Magic
  2616 | D:3      | Reached XP level 5. HP: 8/33 MP: 4/8
  2948 | D:3      | Found a glowing silver altar of Zin.
  3437 | D:4      | Found Xuseboch's Jewellery Shop.
  3451 | D:4      | Reached XP level 6. HP: 19/38 MP: 3/9
  3457 | D:4      | Learned a level 4 spell: Ice Form
  3605 | D:4      | Found a glowing drain.
  3655 | Sewer    | Entered a sewer
  3734 | Sewer    | Reached skill level 5 in Unarmed Combat
  3734 | Sewer    | Reached skill level 1 in Ice Magic
  3734 | Sewer    | Reached skill level 3 in Poison Magic
  4138 | D:4      | Found an ancient bone altar of Kikubaaqudgha.
  4148 | D:4      | Found Gekow's Armour Shoppe.
  4183 | D:4      | Found Heajiolo's Distillery.
  4251 | D:4      | Found a staircase to the Ecumenical Temple.
  4382 | Temple   | Entered the Ecumenical Temple
  4477 | Temple   | Became a worshipper of Warmaster Okawaru
  4723 | D:4      | Bought a +2 ring of slaying for 231 gold pieces
  4736 | D:5      | Entered Level 5 of the Dungeon
  4784 | D:5      | Found a sparkling altar of Nemelex Xobeh.
  4916 | D:5      | Reached XP level 7. HP: 37/43 MP: 9/11
  5211 | D:5      | Found a runed translucent door.
  5244 | D:5      | Noticed Aske's ghost (novice GrGl)
  5323 | D:5      | Found a basalt altar of Yredelemnul.
  5326 | D:5      | Found an ornate altar of the Wu Jian Council.
  5329 | D:5      | Found a glowing golden altar of the Shining One.
  5332 | D:5      | Found a sacrificial altar of Ru.
  5397 | D:5      | Found a runed translucent door.
  5500 | D:6      | Noticed Prince Ribbit
  5515 | D:6      | Killed Prince Ribbit
  5589 | D:6      | Reached skill level 4 in Poison Magic
  5589 | D:6      | Reached XP level 8. HP: 40/50 MP: 12/12
  5703 | D:6      | Noticed Duvessa
  5707 | D:6      | Noticed Dowan
  5714 | D:6      | Killed Duvessa
  5714 | D:6      | Reached * piety under Okawaru
  5720 | D:6      | Killed Dowan
  5969 | D:6      | You fall through a shaft!
  6078 | D:6      | Noticed Pikel
  6109 | D:6      | Killed Pikel
  6109 | D:6      | Reached skill level 5 in Poison Magic
  6176 | D:6      | Reached ** piety under Okawaru
  6176 | D:6      | Reached skill level 5 in Transmutations
  6678 | D:6      | Reached XP level 9. HP: 54/54 MP: 12/15
  7111 | D:7      | Reached *** piety under Okawaru
  7111 | D:7      | Reached skill level 5 in Invocations
  7231 | D:7      | Found a basalt altar of Yredelemnul.
  7240 | D:7      | Reached skill level 6 in Poison Magic
  7559 | D:7      | Found Koeh's General Store.
  7581 | D:7      | Reached skill level 7 in Poison Magic
  7872 | D:8      | Reached skill level 8 in Poison Magic
  7878 | D:8      | Reached XP level 10. HP: 60/60 MP: 8/16
  7997 | D:8      | Reached skill level 9 in Poison Magic
  8003 | D:8      | Reached **** piety under Okawaru
  8221 | D:8      | Found an ornate altar of the Wu Jian Council.
  8660 | D:8      | Reached skill level 10 in Poison Magic
  9039 | D:8      | Found a bloodstained altar of Trog.
  9047 | D:8      | Found a shadowy altar of Dithmenos.
  9047 | D:8      | Found a stormy altar of Qazlal.
  9065 | D:8      | Found a shadowy altar of Dithmenos.
  9065 | D:8      | Found a basalt altar of Yredelemnul.
  9065 | D:8      | Found a shimmering altar of Xom.
  9183 | D:8      | Found a runed translucent gate.
  9183 | D:8      | Found a runed translucent gate.
  9183 | D:8      | Found a runed translucent gate.
  9183 | D:8      | Noticed Borgoz's ghost (novice MiMo)
  9183 | D:8      | Noticed an 11-headed hydra
  9183 | D:8      | Noticed a nine-headed hydra
  9839 | D:8      | Reached skill level 5 in Ice Magic
  9847 | D:9      | HP: 3/108 [killer bee (6)]
  9849 | D:9      | Slain by a killer bee

Skill      XL: |  1  2  3  4  5  6  7  8  9 10 |
---------------+-------------------------------+-----
Stealth        | 1 |  1.0
Poison Magic   | 1 2 3 4 5 8 10 | 10.2
Unarmed Combat | 4 5 6 7 |  7.2
Dodging        | 3 |  3.6
Ice Magic      | 1 2 3 5 |  5.2
Spellcasting   | 3 4 |  4.0
Transmutations | 3 5 |  5.0
Fighting       | 2 |  2.2
Invocations    | 5 |  5.5

Action                   |  1- 3 |  4- 6 |  7- 9 | 10-12 || total
-------------------------+-------+-------+-------+-------++-------
Melee: Unarmed           |    71 |   150 |   169 |   116 ||   506
       Constrict         |    19 |    42 |    13 |    13 ||    87
       Tentacles         |     9 |    34 |    14 |     6 ||    63
       Kick              |     3 |    21 |    25 |    11 ||    60
       Punch             |       |     4 |     1 |     2 ||     7
 Cast: Beastly Appendage |     4 |    14 |    12 |     8 ||    38
       Spider Form       |       |     2 |     5 |     1 ||     8
       Sticks to Snakes  |       |     6 |       |       ||     6
       Ice Form          |       |       |     7 |     6 ||    13
Invok: Heroism           |       |       |     1 |       ||     1
  Use: Scroll            |       |       |    10 |       ||    10
       Potion            |       |       |       |     2 ||     2
 Stab: Sleeping          |     5 |    12 |     2 |     2 ||    21
       Distracted        |     1 |       |     1 |       ||     2
  Eat: Chunk             |     2 |     8 |    14 |     6 ||    30
       Ration            |       |     1 |       |       ||     1
Armor: Skin              |     7 |    19 |    16 |    20 ||    62
Dodge: Dodged            |    48 |    91 |   121 |    86 ||   346
